 Dungeon Crawl Stone Soup version 0.26.0-7-g794d0892b4 (webtiles) character file.

Game seed: 55750644216107955

29 lessens the Slasher (level 3, 0/23 HPs)
             Began as a Tengu Abyssal Knight on Jan 11, 2021.
             Was a Follower of Lugonu.
             Slain by a gnoll
             ... wielding a +0 whip
              (8 damage)
             ... on level 1 of the Dungeon.
             The game lasted 00:01:10 (950 turns).

lessens the Slasher (Tengu Abyssal Knight)           Turns: 950, Time: 00:01:11

Health: 0/23       AC:  4    Str: 13    XL:     3   Next: 16%
Magic:  5/5        EV: 11    Int: 12    God:    Lugonu [*.....]
Gold:   56         SH:  0    Dex: 13    Spells: 2/2 levels left

rFire    . . .     SeeInvis .   a - +1 falchion
rCold    . . .     Faith    .   (no shield)
rNeg     . . .     Spirit   .   b - +0 leather armour
rPois    .         Reflect  .   (helmet restricted)
rElec    .         Harm     .   m - +0 cloak
rCorr    .         Rampage  .   (no gloves)
Will     .....                  (boots unavailable)
Stlth    +.........             (no amulet)
HPRegen  0.07/turn              (no ring)
MPRegen  0.09/turn              (no ring)

@: no status effects
A: beak, talons 3
a: Renounce Religion, Depart the Abyss


You were on level 1 of the Dungeon.
You worshipped Lugonu.
Lugonu was aware of your devotion.
You visited 1 branch of the dungeon, and saw 2 of its levels.
You visited the Abyss 1 time.

You collected 56 gold pieces.

Inventory:

Hand Weapons
 a - a +1 falchion (weapon)
Missiles
 h - 25 stones
Armour
 b - a +0 leather armour (worn)
 m - a +0 cloak (worn)
Jewellery
 p - an uncursed ring of protection from cold {unknown}
Scrolls
 c - a scroll of amnesia {unknown}
 d - a scroll of remove curse {unknown}
 f - a scroll of teleportation {unknown}
 j - a scroll of fog {unknown}
 n - a scroll of identify {unknown}
 o - a scroll of magic mapping {unknown}
 q - a scroll of enchant armour {unknown}
Potions
 e - a potion of curing {unknown}
 g - 3 potions of might {unknown}
 i - 2 potions of degeneration {unknown}
 k - a potion of ambrosia {unknown}
 l - a potion of resistance {unknown}


   Skills:
 - Level 3.0 Fighting
 + Level 3.9 Long Blades
 - Level 2.1 Armour
 - Level 1.1 Dodging
 - Level 1.5 Invocations


You had 2 spell levels left.
You didn't know any spells.
Your spell library was empty.

Dungeon Overview and Level Annotations

Branches:
Dungeon (2/15)

Altars:


Innate Abilities, Weirdness & Mutations

You have a beak for a mouth.
You have claws for feet.


Message History

The gnoll hits you with a +0 flail!
h - 25 stones (gained 1)
The gnoll throws a stone.
The stone barely misses you. The gnoll hits you with a +0 whip.
The gnoll hits you with a +0 flail.
The gnoll throws a stone.
The stone closely misses you.
You see here a stone.
Things that are here:
a leather armour; a dart slug corpse
There is a stone staircase leading up here.
The gnoll barely misses you.
You riposte.
You barely miss the gnoll.
The gnoll is moderately wounded.
You climb upwards.
There is a stone staircase leading down here.
You hit the gnoll but do no damage. You claw the gnoll.
The gnoll is moderately wounded.
The gnoll hits you with a +0 whip.
You hit the gnoll but do no damage.
The gnoll is moderately wounded.
The gnoll hits you with a +0 whip!
You die...

#.....#.#.#.##.#.###
#.###.#...#.##.#...#
#.# #.#...#.##.....#
#.# #.#.#.#.###....#
#.###.#.#...# #....#
#.#.†.#.#.#####..###
#.#.###.#.# #.....#
#.#.# #.#.# ##(....#
#.#.###.#.# #..g@..#
#.#.#.#.#.# #.....(#
#.#.#.#.#.# #......#
..#.#.#.#.# #......#
..###.#.#.# #.######
........#.###.#
#..##.........#
÷..#######.####
##.#######.#


You could see a gnoll.

Vanquished Creatures
  3 dart slugs
  2 bats
  3 giant cockroaches (D:1)
  2 goblins
  3 hobgoblins (D:1)
  2 jackals (D:2)
  4 kobolds
  A rat (D:2)
20 creatures vanquished.

Notes
Turn   | Place    | Note
-------+----------+-------------------------------------------
     0 | Abyss:1  | lessens the Tengu Abyssal Knight began the quest for the
                  | Orb.
     0 | Abyss:1  | Reached XP level 1. HP: 14/14 MP: 3/3
    15 | D:1      | Escaped the Abyss
   333 | D:1      | Reached XP level 2. HP: 19/19 MP: 4/4
   907 | D:2      | Reached XP level 3. HP: 23/23 MP: 5/5
   950 | D:1      | Slain by a gnoll

Illustrated notes

Levels and vault maps discovered:
D:1:      lightli_arrival_farm, layout_basic
D:2:      layout_loops_ring, okawaru_altar_gauntlet_db

Skill      XL: |  1 |
---------------+----+-----
Long Blades    | 3 |  3.9
Fighting       | |  3.0
Armour         | |  2.1
Dodging        | |  1.1
Invocations    | |  1.5

Action                   || total
-------------------------++-------
Melee: Falchion          ||    39
       Kick              ||    10
       Peck              ||     2
 Stab: Sleeping          ||     1
Armor: Leather armour    ||    10
Dodge: Dodged            ||    18
       Rpst.: Falchion   ||     5
